 Dungeon Crawl Stone Soup version 0.29.1-15-g9cfb28693d (webtiles) character file.

Game seed: 635719527241705088

9377 BuddhaDhamma the Severer (level 11, -3/82 HPs)
             Began as a Minotaur Berserker on Mar 22, 2023.
             Was a High Priest of Trog.
             Killed from afar by a gargoyle (11 damage)
             ... with a stone arrow
             ... on level 11 of the Dungeon.
             The game lasted 00:17:01 (11414 turns).

BuddhaDhamma the Severer (Minotaur Berserker)      Turns: 11414, Time: 00:17:01

Health: -3/82      AC: 16    Str: 25    XL:     11   Next: 22%
Magic:  10/10      EV:  7    Int:  4    God:    Trog [*****.]
Gold:   751        SH:  0    Dex: 11    Spells: 10/10 levels left

rFire   . . .      SeeInvis +   y - +1 broad axe
rCold   . . .      Faith    .   (no shield)
rNeg    . . .      Spirit   .   r - +2 plate armour {rPois}
rPois   +          Reflect  .   (helmet restricted)
rElec   .          Harm     .   B - +0 cloak
rCorr   .          Rampage  .   t - +1 pair of gloves
Will    .....                   (no boots)
Stlth   ..........              (no amulet)
HPRegen 0.23/turn               h - ring of see invisible
MPRegen 0.12/turn               (no ring)

@: no status effects
A: horns 2, retaliatory headbutt
a: Renounce Religion, Berserk, Trog's Hand, Brothers in Arms


You were on level 11 of the Dungeon.
You worshipped Trog.
Trog was extremely pleased with you.
You visited 1 branch of the dungeon, and saw 11 of its levels.

You collected 751 gold pieces.

Inventory:

Hand Weapons
 y - a +1 broad axe (weapon)
Missiles
 C - 3 throwing nets (quivered)
Armour
 r - a +2 plate armour of poison resistance (worn)
 t - a +1 pair of gloves (worn)
 B - a +0 cloak (worn)
Jewellery
 a - a +6 ring of intelligence
 h - a ring of see invisible (left hand)
 z - a ring of ice
 A - a ring of ice
Wands
 e - a wand of paralysis (17)
 n - a wand of flame (29)
 s - a wand of acid (11)
 u - a wand of roots (8)
 x - a wand of digging (2)
Scrolls
 d - 3 scrolls of magic mapping
 g - 3 scrolls of teleportation
 i - a scroll of butterflies
 m - 2 scrolls of immolation
 D - a scroll of poison
Potions
 b - 7 potions of curing
 c - a potion of mutation
 f - 2 potions of magic
 j - 3 potions of brilliance
 k - 3 potions of attraction
 l - 2 potions of ambrosia
 o - a potion of flight
 p - 4 potions of heal wounds
 q - a potion of cancellation
 v - a potion of invisibility {unknown}
 w - 2 potions of lignification
 E - a potion of haste


   Skills:
 - Level 3.6 Fighting
 + Level 20.4 Axes
 - Level 2.4 Armour
 - Level 2.1 Dodging


You had 10 spell levels left.
You didn't know any spells.
Your spell library was empty.

Dungeon Overview and Level Annotations

Branches:
Dungeon (11/15)            Temple (0/1) D:7            Lair (0/5) D:10
    Orc: D:9-12

Altars:
Gozag
Hepliaklqana
Kikubaaqudgha
Makhleb
Qazlal
Sif Muna
Trog
Wu Jian
Xom
Zin
The Shining One

Shops:
D:2 *


Innate Abilities, Weirdness & Mutations

You have a pair of horns on your head.
You reflexively headbutt those who attack you in melee.


Message History

The two-headed ogre hits you with a +0 dire flail!
You slash the two-headed ogre!
The two-headed ogre is moderately wounded.
You hit the two-headed ogre.
The two-headed ogre is moderately wounded.
The two-headed ogre closely misses you. You furiously retaliate!
You headbutt the two-headed ogre. The two-headed ogre barely misses you.
You slash the two-headed ogre!
Your headbutt misses the two-headed ogre.
The two-headed ogre is heavily wounded.
You hit the two-headed ogre but do no damage.
You headbutt the two-headed ogre, but do no damage.
The two-headed ogre is heavily wounded.
The two-headed ogre hits you with a +0 giant spiked club!
The two-headed ogre hits you with a +0 dire flail!
You slash the two-headed ogre!
The two-headed ogre is severely wounded.
You slice the two-headed ogre!!
You kill the two-headed ogre!
Trog accepts your kill.
The gargoyle hurls a stone arrow at you.
The stone arrow hits you.
Things that are here:
a +0 giant spiked club; a +0 dire flail; a two-headed ogre corpse The gargoyle hurls a stone arrow at you.
The stone arrow hits you!!
* * * LOW HITPOINT WARNING * * *
The gargoyle hurls a stone arrow at you.
The stone arrow hits you.
* * * LOW HITPOINT WARNING * * *
You hit the gargoyle.
You headbutt the gargoyle, but do no damage.
The gargoyle is lightly damaged.
The gargoyle hits you with a +0 morningstar!
* * * LOW HITPOINT WARNING * * *
You barely miss the gargoyle. You headbutt the gargoyle.
The gargoyle is lightly damaged.
The gargoyle hurls a stone arrow at you.
The stone arrow hits you!
You die...

........##..
...........
.........
#......##
.......###.
..........
##...##....
###..........
###....@9......
#.....)........
###.##<........
#.####.......
### .......
....... ...#...
...#... ..


You could see a gargoyle.

Vanquished Creatures
  A two-headed ogre (D:11)
  Pikel (D:6)
  An unseen horror (D:10)
  Maggie (D:10)
  A troll (D:10)
  A hornet (D:9)
  20 yaks
  A wyvern (D:9)
  2 water moccasins
  Duvessa (D:5)
  2 orc warriors
  4 sky beasts
  An ice beast (D:6)
  2 black bears (D:10)
  2 ogres
  5 centaurs
  A lemure (D:6)
  A phantom (D:4)
  2 kobold brigands
  2 gnoll sergeants
  2 bullfrogs
  4 scorpions
  Dowan (D:5)
  9 killer bees (D:9)
  A howler monkey (D:6)
  A crimson imp (D:9)
  A jelly (D:6)
  7 orc priests
  3 gnoll boudas
  3 hounds
  3 iguanas
  Ijyb (D:5)
  12 orc wizards
  Robin (D:3)
  31 gnolls
  7 adders
  A shadow imp (D:7)
  A white imp (D:8)
  4 ufetubi
  3 worms
  A dart slug (D:3)
  49 orcs
  11 endoplasms
  4 giant cockroaches
  22 goblins
  17 hobgoblins
  3 jackals (D:3)
  19 kobolds
  6 quokkas
  8 ball pythons
  2 bats (D:1)
  3 frilled lizards
  7 rats
  A spectral hobgoblin (D:6)
301 creatures vanquished.

Vanquished Creatures (others)
  12 fungi (D:10)
  8 plants (D:10)
20 creatures vanquished.

Grand Total: 321 creatures vanquished

Notes
Turn   | Place    | Note
-------+----------+-------------------------------------------
     0 | D:1      | BuddhaDhamma the Minotaur Berserker began the quest for the
                  | Orb.
     0 | D:1      | Reached XP level 1. HP: 19/19 MP: 0/0
    54 | D:1      | Reached skill level 4 in Axes
   197 | D:1      | Reached XP level 2. HP: 26/26 MP: 1/1
   462 | D:1      | Reached skill level 5 in Axes
   702 | D:1      | Reached XP level 3. HP: 29/31 MP: 2/2
  1326 | D:2      | Found Xuqail's General Store.
  1395 | D:2      | Reached ** piety under Trog
  1561 | D:2      | Reached XP level 4. HP: 38/39 MP: 3/3
  1615 | D:2      | Reached skill level 6 in Axes
  1899 | D:3      | Identified the +9 trident of Wyrd {vorpal, rN+ Int+7}
  2447 | D:3      | Reached XP level 5. HP: 45/45 MP: 4/4
  2457 | D:3      | Reached skill level 7 in Axes
  2995 | D:3      | Noticed Robin
  3002 | D:3      | Killed Robin
  3296 | D:4      | Noticed a phantom
  3305 | D:4      | Killed a phantom
  3306 | D:4      | Reached skill level 8 in Axes
  3306 | D:4      | Reached XP level 6. HP: 51/51 MP: 5/5
  3307 | D:4      | Reached *** piety under Trog
  3465 | D:4      | Found Meheysm's General Store.
  3520 | D:4      | Reached skill level 9 in Axes
  3658 | D:4      | Reached XP level 7. HP: 57/57 MP: 6/6
  4016 | D:5      | Entered Level 5 of the Dungeon
  4043 | D:5      | Noticed Ijyb
  4053 | D:5      | Reached skill level 10 in Axes
  4056 | D:5      | Killed Ijyb
  4278 | D:5      | Identified the +8 whip of Destiny {drain, Str+2}
  4377 | D:5      | Reached skill level 11 in Axes
  4770 | D:5      | Reached **** piety under Trog
  5015 | D:5      | Noticed Duvessa
  5016 | D:5      | Noticed Dowan
  5022 | D:5      | Killed Duvessa
  5023 | D:5      | Reached XP level 8. HP: 64/64 MP: 7/7
  5025 | D:5      | Killed Dowan
  5290 | D:5      | Found an ancient bone altar of Kikubaaqudgha.
  5295 | D:5      | Found a glowing silver altar of Zin.
  5299 | D:5      | Found an ornate altar of the Wu Jian Council.
  5300 | D:5      | Found an opulent altar of Gozag.
  5335 | D:6      | Reached skill level 12 in Axes
  5834 | D:6      | Found the +4 skin of Zhor {*Englaciate rC+++ SInv}
  5835 | D:6      | Noticed Pikel
  5854 | D:6      | Killed Pikel
  5855 | D:6      | Reached skill level 14 in Axes
  6115 | D:6      | Found a hazy altar of Hepliaklqana.
  6152 | D:6      | Reached XP level 9. HP: 70/70 MP: 8/8
  6955 | D:7      | Found a stormy altar of Qazlal.
  6972 | D:7      | Reached skill level 15 in Axes
  7274 | D:7      | Found a staircase to the Ecumenical Temple.
  7577 | D:7      | Found a bloodstained altar of Trog.
  7689 | D:8      | Reached skill level 16 in Axes
  8003 | D:8      | Reached skill level 17 in Axes
  8011 | D:8      | Reached XP level 10. HP: 68/77 MP: 9/9
  8130 | D:8      | Found a shimmering blue altar of Sif Muna.
  8172 | D:8      | Found a runed translucent door.
  8526 | D:8      | Reached ***** piety under Trog
  8570 | D:8      | You fall into a shaft and drop 1 floor!
  8751 | D:9      | Reached skill level 18 in Axes
  9308 | D:9      | Found a shimmering altar of Xom.
  9308 | D:9      | Found a burning altar of Makhleb.
  9696 | D:9      | Reached skill level 19 in Axes
 10040 | D:10     | Entered Level 10 of the Dungeon
 10581 | D:10     | Found a staircase to the Lair.
 10683 | D:10     | Found a glowing golden altar of the Shining One.
 10696 | D:10     | Reached XP level 11. HP: 80/82 MP: 10/10
 10802 | D:10     | Reached skill level 20 in Axes
 10969 | D:10     | Identified the +2 pair of boots of the Game of Kings {rC++
                  | Slay-6}
 11022 | D:10     | Noticed Maggie
 11041 | D:10     | Killed Maggie
 11393 | D:11     | Noticed a two-headed ogre
 11409 | D:11     | Killed a two-headed ogre
 11414 | D:11     | Killed from afar by a gargoyle

Illustrated notes

Levels and vault maps discovered:
D:1:      minmay_arrival_up_and_down, layout_basic
D:2:      minmay_diamond_boxcup, layout_loops_ring, serial_shops, shop
D:3:      kennysheep_goblin_castle, layout_rooms
D:4:      layout_rooms, cheibrodos_sewer_entry_bend, serial_shops, shop_statue
D:5:      layout_loops_ring, minitemple, kennysheep_cross_bottleneck, uniq_ijyb,
          uniq_duvessa
D:6:      layout_cave_pods, nicolae_hepliaklqana_monster_ancestors, uniq_pikel
D:7:      layout_basic, nicolae_qazlal_style_of_elements,
          lightli_temple_of_fire, minmay_temple_entry_mini_moons
D:8:      layout_cave_pools, mainiacjoe_overflow_brackets, enter_bailey_5,
          lightli_church_of_beogh
D:9:      layout_gridville, grunt_temple_overflow_champion_of_chaos
D:10:     layout_long_grid, mainiacjoe_overflow_cross_hatched,
          grunt_lair_entry_orc_guard_hut, uniq_maggie
D:11:     layout_cave_pools, uniq_grum

Skill      XL: |  1  2  3  4  5  6  7  8  9 10 11 |
---------------+----------------------------------+-----
Axes           | 4 5 6 8 9 11 14 17 19 20 | 20.4
Fighting       | |  3.6
Armour         | |  2.4
Dodging        | |  2.1

Action                   |  1- 3 |  4- 6 |  7- 9 | 10-12 || total
-------------------------+-------+-------+-------+-------++-------
Melee: Hand axe          |    55 |    85 |       |       ||   140
       Headbutt          |    13 |    11 |    45 |    42 ||   111
       War axe           |       |    48 |    75 |       ||   123
       Punch             |       |     1 |     2 |     2 ||     5
       Broad axe         |       |       |   182 |   196 ||   378
Invok: Berserk           |       |     4 |     2 |     3 ||     9
  Use: Scroll            |       |     7 |     6 |     9 ||    22
Armor: Animal skin       |     1 |       |       |       ||     1
       Leather armour    |    12 |    18 |       |       ||    30
       Plate armour      |       |    17 |   145 |   132 ||   294
Dodge: Dodged            |    31 |    52 |    84 |    89 ||   256
